 Dungeon Crawl Stone Soup version 0.31-a0-154-g56bf346678 (webtiles) character file.

Game seed: 12065446266127549767

17908 Zonian the Covert (level 12, -8/67 HPs)
             Began as a Vine Stalker Gladiator on June 11, 2023.
             Was an Initiate of Ashenzari.
             Mangled by a sun demon (12 damage)
             ... summoned by a kobold demonologist
             ... on level 11 of the Dungeon on June 12, 2023.
             The game lasted 00:36:17 (11540 turns).

Zonian the Covert (Vine Stalker Gladiator)         Turns: 11540, Time: 00:36:17

Health: -8/67      AC: 14    Str: 27    XL:     12   Next: 52%
Magic:  0/22       EV: 15    Int: 12    God:    Ashenzari [......]
Gold:   809        SH:  0    Dex: 17    Spells: 11/11 levels left

rFire   . .          .
                       - Unarmed
rCold   + + +        (no shield)
rNeg    + . .        X - +0 scale mail "Astrological Seer" {rC+, Cun, Elem} (curse)
rPois   .            q - +0 hat of Gelely {rN+ Will+ Int+2}
rElec   +            i - scarf {repulsion}
rCorr   .            N - +1 pair of gloves "Usab" {rC+ Regen+ Str-2}
SInv    +            h - +1 pair of boots "Saizewi" {+Inv}
Will    ++...        R - amulet "Muocvo" {RegenMP +Blink SInv}
Stlth   ++++         r - ring "Bayfeatu" {rElec MP+9 Str+3 Int+2}
HPRegen 1.91/turn    Y - ring of Suicidal Tendencies {rC+ AC+4 Str+5}
MPRegen 0.58/turn

%: repel missiles, guardian spirit
@: no status effects
A: fangs 3, regeneration 1, magic shield, antimagic bite, no potion heal 2
a: Renounce Religion, Evoke Blink, Evoke Invisibility, Shatter the Chains


You were on level 11 of the Dungeon.
You worshipped Ashenzari.
Ashenzari was noncommittal.
You visited 2 branches of the dungeon, and saw 12 of its levels.
You also visited: Gauntlet.

You collected 809 gold pieces.

Inventory:

Hand Weapons
 f - the +7 whip "Isixtiph" {holy, Will+}
   (You found it on level 4 of the Dungeon)

   Will:      It increases your willpower.
Missiles
 d - a javelin
 g - 26 poisoned darts
 t - 4 silver javelins
 A - 11 boomerangs
 W - 3 throwing nets
Armour
 b - a +0 helmet
 h - the +1 pair of boots "Saizewi" (worn) {+Inv}
   (You acquired it on level 3 of the Dungeon)

   +Inv:      It lets you turn invisible.
 i - a scarf of repulsion (worn)
 q - the +0 hat of Gelely (worn) {rN+ Will+ Int+2}
   (You found it in a Gauntlet)

   Int:       It affects your intelligence (+2).
   rN:        It protects you from negative energy.
   Will:      It increases your willpower.
 w - a +0 kite shield of reflection
 y - a +0 cloak
 M - a scarf of resistance
 N - the +1 pair of gloves "Usab" (worn) {rC+ Regen+ Str-2}
   (You found it on level 8 of the Dungeon)

   Str:       It affects your strength (-2).
   rC:        It protects you from cold.
   Regen:     It increases your rate of health regeneration.
 X - the cursed +0 scale mail "Astrological Seer" (worn) {rC+, Cun, Elem}
   (You took it off Harold on level 10 of the Dungeon)

   It has a curse which improves the following skills: Cunning: Dodging and
   Stealth.
   Elements:  Fire Magic, Ice Magic, Air Magic and Earth Magic.
Jewellery
 a - the ring of Fedhas's Benevolence {Str-4 Int+5 Slay+4}
   (You found it on level 10 of the Dungeon)

   [ring of slaying]

   Str:       It affects your strength (-4).
   Int:       It affects your intelligence (+5).
   Slay:      It affects your accuracy & damage with ranged weapons and melee
   (+4).
 j - a ring of fire
 m - a ring of flight
 p - a +5 ring of evasion
 r - the ring "Bayfeatu" (left hand) {rElec MP+9 Str+3 Int+2}
   (You took it off a tengu warrior on level 10 of the Dungeon)

   [ring of magical power]

   Str:       It affects your strength (+3).
   Int:       It affects your intelligence (+2).
   rElec:     It insulates you from electricity.
   MP:        It affects your magic capacity (+9).
 x - the ring of Feriuqif {Ice Str+3}
   (You acquired it on level 5 of the Dungeon)

   [ring of ice]

   It enhances your ice magic.
   Str:       It affects your strength (+3).
   rF:        It makes you vulnerable to fire.
   rC:        It protects you from cold.
 C - an amulet of reflection
 E - a ring of see invisible
 R - the amulet "Muocvo" (around neck) {RegenMP +Blink SInv}
   (You took it off a centaur warrior on level 10 of the Dungeon)

   [amulet of magic regeneration]

   It increases your rate of magic regeneration.
   SInv:      It lets you see invisible.
   +Blink:    It lets you blink.
 Y - the ring of Suicidal Tendencies (right hand) {rC+ AC+4 Str+5}
   (You took it off a tengu warrior on level 10 of the Dungeon)

   [ring of protection]

   AC:        It affects your AC (+4).
   Str:       It affects your strength (+5).
   rC:        It protects you from cold.
Wands
 c - a wand of flame (18)
 F - a wand of roots (13)
 L - a wand of paralysis (6)
 P - a wand of acid (10)
Scrolls
 l - 3 scrolls of magic mapping
 s - 2 scrolls of summoning
 u - 2 scrolls of brand weapon
 v - 4 scrolls of fog
 B - a scroll of poison
 G - a scroll of noise {unknown}
 H - 2 scrolls of vulnerability
 K - 2 scrolls of teleportation
 S - 2 scrolls of silence {unknown}
 Z - a scroll of torment {unknown}
Potions
 e - a potion of lignification
 k - 6 potions of haste
 n - a potion of mutation
 o - a potion of magic
 z - a potion of enlightenment
 D - 2 potions of brilliance
 I - 2 potions of resistance
 J - 2 potions of curing
 V - a potion of berserk rage {unknown}
Miscellaneous
 O - a tin of tremorstones (2/2)


   Skills:
 + Level 10.2 Fighting
 - Level 2.4 Throwing
 - Level 8.4(8.8) Dodging
 - Level 11.9(12.3) Stealth
 + Level 11.4 Unarmed Combat


You had 11 spell levels left.
You didn't know any spells.
Your spell library contained the following spells:

 Spells                   Type           Power      Damage    Failure   Level
 Sublimation of Blood     Necr           0%         N/A       75%         2
 Call Canine Familiar     Summ           0%         N/A       93%         3
 Gell's Gravitas          Tloc           0%         N/A       93%         3
 Ignite Poison            Fire/Tmut/Pois 0%         N/A       93%         3
 Portal Projectile        Hex/Tloc       0%         N/A       93%         3
 Teleport Other           Tloc           0%         N/A       93%         3
 Volatile Blastmotes      Fire/Tloc      0%         2d10      93%         3
 Anguish                  Hex/Necr       0%         N/A       100%        4
 Animate Dead             Necr           0%         N/A       100%        4
 Fulminant Prism          Conj/Hex       0%         3d5       100%        4
 Iskenderun's Mystic Bla  Conj/Tloc      0%         2d3       100%        4
 Leda's Liquefaction      Hex/Erth       0%         N/A       100%        4
 Sticky Flame             Conj/Fire      0%         2d3       100%        4
 Lee's Rapid Deconstruct  Erth           0%         3d4*      100%        5
 Dispersal                Tloc           0%         N/A       100%        6
 Haunt                    Necr/Summ      0%         N/A       100%        7
 Ignition                 Fire           0%         3d3       100%        8
 Infestation              Necr           0%         N/A       100%        8
 Necromutation            Tmut/Necr      0%         N/A       100%        8


Dungeon Overview and Level Annotations

Branches:
Dungeon (11/15)            Temple (1/1) D:4         Gauntlet (visited)
   Lair: D:8-11         Orc: D:9-12

Altars:
Ashenzari
Cheibriados
Dithmenos
Elyvilon
Fedhas
Gozag
Hepliaklqana
Kikubaaqudgha
Makhleb
Nemelex Xobeh
Okawaru
Qazlal
Ru
Sif Muna
Trog
Uskayaw
Vehumet
Wu Jian
Xom
Yredelemnul
Zin
The Shining One

Shops:
D:3 :   D:6 :   D:10 (

Annotations:
D:3 iguanaiguana's ghost, weakling NaDe
D:10 1 runed translucent door
D:11 3 runed translucent doors, exclusions: obsidian statue and oklob plant, bakla's ghost, journeyman KoBr


Innate Abilities, Weirdness & Mutations

You have razor-sharp teeth.
Your natural rate of healing is unusually fast.
When hurt, damage is shared between your health and your magic reserves.
Your bite disrupts and absorbs the magic of your enemies.
Potions cannot restore your health.


Message History

The sun demon closely misses you.
You punch the sun demon!
The sun demon is moderately wounded.
The ynoxinul gestures.
Unknown command.
Unknown command.
Aiming: Fastroot
Press: ? - help, Shift-Dir - straight line, f - sun demon
Aim: a sun demon (moderately wounded, summoned)
The roots erupt in riotous growth!
Roots grab the sun demon.
Roots grab the ynoxinul.
Roots grab the kobold demonologist.
Roots grab the kobold brigand.
The grasping roots constrict the kobold demonologist.
The grasping roots constrict the kobold brigand.
The grasping roots constrict the sun demon, but do no damage.
The grasping roots constrict the ynoxinul.
You hear a shout! x3
The sun demon hits you!!
You are engulfed in flames!!
* * * LOW HITPOINT WARNING * * *
The kobold demonologist looks satisfied for a moment.
The sun demon completely misses you.
You hear a shout!
Unknown command.
Aiming: Corrosive Bolt
Press: ? - help, Shift-Dir - straight line, f/p - sun demon
Aim: a sun demon (moderately wounded, summoned, constricted by roots, 100% to hit)
The bolt of acid hits the sun demon!
The acid corrodes the sun demon!
The sun demon is heavily wounded.
The bolt of acid hits the kobold brigand!
The acid corrodes the kobold brigand!
You kill the kobold brigand!
The grasping roots constrict the kobold demonologist.
The grasping roots constrict the sun demon.
The grasping roots constrict the ynoxinul.
The roots release their grip on the sun demon.
The roots release their grip on the ynoxinul.
The sun demon hits you!!
* * * LOW HITPOINT WARNING * * *
You are engulfed in flames!
You die...

...#...##..##...########
..#....###..##.###
P.##...# #..##.# P ..#.#
#..##.# P.≈#^. ...##.#
###.##.# ### #.##.# ##.#
..##3###..# .###53@...#
#5K####.# #....## #.#
#....#.# ..# ##
...#....# .## .#
#...K#### .# .# .#.. .
## . ## #. #


You could see a sun demon (summoned, corroded), a kobold demonologist (rooted),
a ynoxinul (summoned), a quasit (summoned) and a shadow imp (summoned).

Vanquished Creatures
  A minotaur (Gauntlet)
  Harold (D:10)
  Erica (D:8)
  2 centaur warriors (D:10)
  2 tengu warriors (D:10)
  A boulder beetle (D:11)
  Pikel (D:8)
  An orc knight (D:10)
  3 manticores
  3 cyclopes
  A minotaur zombie (Gauntlet)
  An unseen horror (D:10)
  A troll (shapeshifter) (D:10)
  A wolf spider simulacrum (Gauntlet)
  A troll (D:11)
  Prince Ribbit (D:8)
  A slime creature (D:7)
  3 centaur simulacra (Gauntlet)
  A wraith (D:10)
  12 yaks (D:10)
  A vampire (D:11)
  2 wyverns
  A harpy simulacrum (Gauntlet)
  6 water moccasins
  An acid dragon (D:8)
  A hydra simulacrum (Gauntlet)
  3 orc warriors
  4 sky beasts
  An ice beast (D:7)
  A black bear (D:6)
  An ogre (D:5)
  5 centaurs
  3 phantoms
  A lemure (D:8)
  3 kobold brigands
  2 bullfrogs
  2 wyvern zombies (D:6)
  2 scorpions (D:4)
  A hornet simulacrum (Gauntlet)
  A water moccasin zombie (D:6)
  15 wights
  5 killer bees (D:9)
  5 howler monkeys
  3 centaur zombies (D:6)
  A bullfrog zombie (D:6)
  2 hounds
  2 jellies
  8 orc priests
  4 iguanas
  A sleepcap (D:6)
  Natasha (twice) (D:2)
  7 orc wizards
  7 adders
  10 gnolls
  3 shadow imps (D:7)
  2 white imps
  4 worms
  2 dart slugs
  37 orcs
  7 endoplasms
  2 giant cockroaches
  4 goblins
  7 hobgoblins
  7 jackals (D:3)
  7 quokkas
  7 ball pythons
  4 bats
  3 frilled lizards
  20 kobolds
  8 rats
277 creatures vanquished.

Vanquished Creatures (collateral kills)
  A centaur (D:7)
  A gnoll sergeant (D:7)
  2 orc priests (D:7)
  An orc wizard (D:7)
  2 gnolls (D:7)
  An orc (D:7)
8 creatures vanquished.

Grand Total: 285 creatures vanquished

Notes
Turn   | Place    | Note
-------+----------+-------------------------------------------
     0 | D:1      | Zonian the Vine Stalker Gladiator began the quest for the
                  | Orb.
     0 | D:1      | Reached XP level 1. HP: 11/11 MP: 2/2
    96 | D:1      | Reached XP level 2. HP: 13/15 MP: 1/3
   266 | D:1      | Reached XP level 3. HP: 7/18 MP: 1/4
  1035 | D:2      | Noticed Natasha
  1039 | D:2      | Killed Natasha
  1040 | D:2      | Gained mutation: Your natural rate of healing is unusually
                  | fast. [Vine Stalker growth]
  1040 | D:2      | Reached XP level 4. HP: 17/23 MP: 3/5
  1061 | D:2      | Found a faded altar of an unknown god.
  1298 | D:2      | Noticed Natasha
  1310 | D:2      | Killed Natasha
  1350 | D:3      | Found a stormy altar of Qazlal.
  1377 | D:3      | Reached skill level 1 in Stealth
  1393 | D:3      | Found an iron altar of Okawaru.
  1452 | D:3      | Reached XP level 5. HP: 27/27 MP: 6/6
  1851 | D:3      | Found a transporter.
  1851 | D:3      | Found a transporter.
  1891 | D:3      | Identified the +6 trident of the Solstice {venom, rF+}
  1916 | D:3      | Noticed iguanaiguana's ghost (weakling NaDe)
  2254 | D:3      | HP: 1/28 [gnoll/+0 spear (7)]
  2564 | D:3      | Found Mimpokh's Book Shop.
  2577 | D:3      | Found a sacrificial altar of Ru.
  2788 | D:4      | Reached XP level 6. HP: 28/32 MP: 5/7
  2863 | D:4      | Found a staircase to the Ecumenical Temple.
  2882 | D:4      | Identified the +7 whip "Isixtiph" {holy, Will+}
  2922 | Temple   | Entered the Ecumenical Temple
  3198 | D:4      | Reached XP level 7. HP: 36/36 MP: 8/8
  3354 | D:3      | Identified a scroll of acquirement
  3354 | D:3      | Acquired the +1 pair of boots "Saizewi" {+Inv}
  3789 | D:4      | Reached skill level 5 in Unarmed Combat
  3919 | D:5      | Entered Level 5 of the Dungeon
  3933 | D:5      | Acquired the ring of Feriuqif {Ice Str+3}
  4444 | D:5      | Reached skill level 5 in Stealth
  4444 | D:5      | Gained mutation: You have razor-sharp teeth. [Vine Stalker
                  | growth]
  4444 | D:5      | Reached XP level 8. HP: 38/42 MP: 6/9
  5007 | D:6      | Found a burning altar of Makhleb.
  5225 | D:6      | Reached skill level 5 in Fighting
  5225 | D:6      | Reached skill level 5 in Dodging
  5351 | D:6      | Found a basalt altar of Yredelemnul.
  5379 | D:6      | Reached XP level 9. HP: 37/47 MP: 7/10
  5783 | D:6      | Found Nutav's Book Emporium.
  6132 | D:6      | HP: 2/48 [orc warrior/+0 mace (7)]
  6588 | D:7      | Found a shimmering altar of Xom.
  6741 | D:7      | Found a blossoming altar of Fedhas.
  6860 | D:7      | Reached XP level 10. HP: 53/53 MP: 11/11
  6961 | D:7      | Noticed a cyclops
  6962 | D:7      | Noticed a green ugly thing
  7275 | D:7      | Killed a cyclops
  7768 | D:8      | Identified the +1 pair of gloves "Usab" {rC+ Regen+ Str-2}
  8033 | D:8      | Noticed Erica
  8067 | D:8      | Found a snail-covered altar of Cheibriados.
  8178 | D:8      | Killed Erica
  8241 | D:8      | Noticed Prince Ribbit
  8255 | D:8      | Killed Prince Ribbit
  8323 | D:8      | Noticed Pikel
  8372 | D:8      | Killed Pikel
  8373 | D:8      | Reached skill level 10 in Stealth
  9034 | D:8      | Reached XP level 11. HP: 54/57 MP: 8/12
  9509 | D:10     | Entered Level 10 of the Dungeon
  9509 | D:10     | Noticed Harold
  9707 | D:10     | Noticed a centaur warrior
  9707 | D:10     | Noticed a fire dragon
  9707 | D:10     | Noticed a tengu warrior
  9708 | D:10     | Noticed a centaur warrior
  9709 | D:10     | Noticed a five-headed hydra
  9711 | D:10     | Found a runed translucent door.
  9763 | D:10     | Killed Harold
  9864 | D:10     | Noticed a manticore
  9883 | D:10     | Killed a manticore
  9913 | D:10     | Found a broken altar of Ashenzari.
  9918 | D:10     | Became a worshipper of Ashenzari the Shackled
  9986 | D:10     | Found Houn's Antique Weapon Shoppe.
 10075 | D:10     | Found a hide-covered altar of Uskayaw.
 10125 | D:10     | Noticed a manticore
 10133 | D:10     | Killed a manticore
 10134 | D:10     | Noticed a cyclops
 10143 | D:10     | Killed a cyclops
 10153 | D:10     | Identified the ring of Suicidal Tendencies {rC+ AC+4 Str+5}
 10153 | D:10     | Noticed a tengu warrior
 10182 | D:10     | Killed a tengu warrior
 10200 | D:10     | Identified the ring of Fedhas's Benevolence {Str-4 Int+5
                  | Slay+4}
 10249 | D:10     | Identified the ring "Bayfeatu" {rElec MP+9 Str+3 Int+2}
 10249 | D:10     | Noticed a tengu warrior
 10267 | D:10     | Killed a tengu warrior
 10268 | D:10     | Reached skill level 10 in Unarmed Combat
 10288 | D:10     | Noticed an orc knight
 10310 | D:10     | Killed an orc knight
 10311 | D:10     | Reached XP level 12. HP: 66/66 MP: 13/13
 10357 | D:10     | Noticed a centaur warrior
 10358 | D:10     | Identified the amulet "Muocvo" {RegenMP +Blink SInv}
 10358 | D:10     | Noticed a centaur warrior
 10367 | D:10     | Killed a centaur warrior
 10373 | D:10     | Killed a centaur warrior
 10808 | D:11     | Noticed a two-headed ogre
 10812 | D:11     | Found a gate leading to a gauntlet.
 10831 | Gauntlet | Entered a Gauntlet
 10831 | Gauntlet | Found a transporter.
 10831 | Gauntlet | Found a transporter.
 10863 | Gauntlet | Found a transporter.
 10864 | Gauntlet | Found a transporter.
 10974 | Gauntlet | Found a transporter.
 11016 | Gauntlet | Identified the +0 hat of Gelely {rN+ Will+ Int+2}
 11033 | Gauntlet | Found a transporter.
 11063 | Gauntlet | Noticed a minotaur
 11075 | Gauntlet | Killed a minotaur
 11076 | Gauntlet | Reached skill level 10 in Fighting
 11079 | Gauntlet | Got the Catalogue of Dark Secrets
 11298 | D:11     | Upgraded the game from 0.31-a0-152-g6aa68a64a1 to
                  | 0.31-a0-154-g56bf346678
 11328 | D:11     | Found a runed translucent gate.
 11328 | D:11     | Found a runed translucent gate.
 11328 | D:11     | Found a runed translucent gate.
 11335 | D:11     | Found an opulent altar of Gozag.
 11338 | D:11     | Noticed a centaur warrior
 11338 | D:11     | Noticed bakla's ghost (journeyman KoBr)
 11356 | D:11     | Noticed a boulder beetle
 11378 | D:11     | Killed a boulder beetle
 11517 | D:11     | Noticed a boulder beetle
 11527 | D:11     | Noticed a sun demon
 11540 | D:11     | Mangled by a sun demon

Illustrated notes

Levels and vault maps discovered:
D:1:      dreamdust_arrival_sigmund_warning, layout_basic,
          minmay_misc_feat_rows, minmay_indecisive_spiral
D:2:      layout_basic, basic_ecumenical_altar, minmay_distorted, uniq_natasha
D:3:      layout_rooms, mainiacjoe_overflow_tiny_flanked, grunt_qazlal_clouds,
          mainiacjoe_overflow_alcove_1, serial_shops, nicolae_shop_stone,
          serial_curves, eino_curves_01, eino_curves_04,
          gammafunk_ghost_gnarly_gnolls, kennysheep_generic_room_6
D:4:      layout_basic, minmay_temple_entry_proselytizer
D:5:      nicolae_BIG_FREAKIN_CUBE, layout_loops_ring, hangedman_decor_growths,
          minmay_misc_feat_tiny, dreamdust_princess_corridor
D:6:      layout_basic, nicolae_yredelemnul_corpse_copse,
          overflow_temple_1_default, serial_shops, nicolae_shop_window_shopping,
          minmay_gold_behind_fungi
D:7:      minmay_cornered_nines, layout_loops_cross, amcnicky_altar_gilded,
          xom_confusion_cloud
D:8:      layout_cave_pools, slow_altar_1, uniq_pikel, uniq_prince_ribbit1,
          uniq_erica
D:9:      layout_cross
D:10:     minmay_the_grid_triangle_9x9_recursive_2
          [minmay_the_grid_triangle_9x9_prize_special,
          minmay_the_grid_triangle_9x9_sprig,
          minmay_the_grid_triangle_9x9_odd_lines,
          minmay_the_grid_triangle_9x9_subtriangle], layout_rooms,
          mainiacjoe_overflow_boulevard, lemuel_round_altar, serial_shops,
          nicolae_diamond_shop, uniq_harold
D:11:     layout_rooms, dpeg_oklobed_lair, gauntlet_entry_generic, serial_shops,
          nicolae_shop_back_alley_shop, ebering_ghost_gozag,
          minmay_fractal_squares_gapless_7
Temple:   nicolae_temple_slightly_damp_pantheon

Skill      XL: |  1  2  3  4  5  6  7  8  9 10 11 12 |
---------------+-------------------------------------+-----
Fighting       | 2 3 4 5 6 7 9 10 | 10.2
Throwing       | 2 |  2.4
Dodging        | 3 4 5 6 7 8 |  8.4
Stealth        | 1 2 3 5 6 8 10 11 | 11.9
Unarmed Combat | 4 5 6 7 8 10 11 | 11.4

Action                     |  1- 3 |  4- 6 |  7- 9 | 10-12 || total
---------------------------+-------+-------+-------+-------++-------
  Melee: Unarmed           |    86 |   183 |   375 |   538 ||  1182
         Bite              |    15 |    56 |   135 |   211 ||   417
         Punch             |       |     5 |    17 |    37 ||    59
  Throw: Throwing net      |       |     3 |     2 |     2 ||     7
         Dart              |       |       |       |     6 ||     6
 Invoke: Curse Item        |       |       |       |     1 ||     1
  Evoke: Wand              |       |       |       |     9 ||     9
    Use: Scroll            |       |     5 |    10 |     5 ||    20
         Potion            |       |     1 |       |       ||     1
   Stab: Sleeping          |     1 |     4 |     8 |     3 ||    16
         Distracted        |       |       |     1 |       ||     1
         Held in net/web   |       |       |     1 |       ||     1
 Armour: Leather armour    |    31 |     3 |       |       ||    34
         Ring mail         |       |    39 |    81 |    55 ||   175
         Scale mail        |       |       |       |   102 ||   102
  Dodge: Dodged            |    67 |   153 |   272 |   389 ||   881
         Repelled          |     1 |     2 |       |     1 ||     4
  Block: Other             |       |       |    42 |   121 ||   163
         Reflection        |       |       |     3 |     6 ||     9

Table legend: (Time is in decaauts)
 A = Elapsed time spent in this place.
 B = Non-inter-level travel time spent in this place.
 C = Inter-level travel time spent in this place.
 D = Time resting spent in this place.
 E = Time spent auto-exploring this place.
 F = Levels seen in this place.
 G = Mean time per level.
                   A        B        C        D        E       F      G
               +--------+--------+--------+--------+--------+-----+--------+
         Total |  11393 |  10910 |    483 |   2487 |   5059 |  13 |  876.4 |
       Dungeon |  10758 |  10293 |    465 |   2178 |   4902 |  11 |  978.0 |
        Temple |    188 |    170 |     18 |      0 |    157 |   1 |  188.0 |
      Gauntlet |    446 |    446 |      0 |    309 |      0 |   1 |  446.0 |
               +--------+--------+--------+--------+--------+-----+--------+

Top non-repeatable levels by time:
     D:6: 1702 daAuts
     D:3: 1694 daAuts
    D:10: 1153 daAuts
     D:8: 1113 daAuts
     D:5: 1080 daAuts
     D:7: 987 daAuts
     D:1: 705 daAuts
     D:9: 672 daAuts
     D:4: 668 daAuts
     D:2: 637 daAuts
Gauntlet: 446 daAuts
    D:11: 342 daAuts
  Temple: 188 daAuts
